 Dungeon Crawl Stone Soup version 0.30-a0-743-gbfdf073431 (webtiles) character file.

Game seed: 14343875039830610514

64 gelatine the Stinger (level 3, 0/26 HPs)
             Began as a Demonspawn Venom Mage on Feb 5, 2023.
             Slain by an ice beast (7 damage)
             ... on level 4 of the Dungeon.
             The game lasted 00:03:20 (1263 turns).

gelatine the Stinger (Demonspawn Venom Mage)        Turns: 1263, Time: 00:03:21

Health: 0/26       AC:  6    Str:  8    XL:     3   Next: 91%
Magic:  0/6        EV: 12    Int: 18    God:
Gold:   54         SH:  5    Dex: 13    Spells: 5/6 levels left

rFire   . . .      SeeInvis .    g - +1 dagger (venom)
rCold   . . .      Faith    .    (no shield)
rNeg    . . .      Spirit   .    a - +0 robe
rPois   .          Reflect  +    (no helmet)
rElec   .          Harm     .    k - +0 cloak
rCorr   .          Rampage  .    d - +0 pair of gloves
Will    .....                    (no boots)
Stlth   ++                       m - amulet of reflection
HPRegen 0.24/turn                (no ring)
MPRegen 0.10/turn                (no ring)

@: very slightly contaminated
A: thin metallic scales 1
a: no special abilities


You were on level 4 of the Dungeon.
You visited 1 branch of the dungeon, and saw 3 of its levels.

You collected 54 gold pieces.

Inventory:

Hand Weapons
 g - a +1 dagger of venom (weapon)
 j - a +3 dagger
Armour
 a - a +0 robe (worn)
 d - a +0 pair of gloves (worn)
 k - a +0 cloak (worn)
Jewellery
 h - an amulet of guardian spirit
 m - an amulet of reflection (around neck)
Scrolls
 c - 3 scrolls of blinking {unknown}
 e - 2 scrolls of identify {unknown}
 l - a scroll of immolation {unknown}
Potions
 b - a potion of magic
 f - a potion of curing {unknown}
 i - a potion of mutation {unknown}


   Skills:
 * Level 1.1 Fighting
 * Level 2.2 Dodging
 + Level 1.9 Stealth
 + Level 0.1 Unarmed Combat
 + Level 2.3 Spellcasting
 + Level 1.4 Transmutations
 * Level 3.7 Poison Magic


You had 5 spell levels left.
You knew the following spells:

 Your Spells              Type           Power      Damage    Failure   Level
a - Sting                 Tmut/Pois      44%        1d5       6%          1

Your spell library contained the following spells:

 Spells                   Type           Power      Damage    Failure   Level
 Beastly Appendage        Tmut           14%        N/A       10%         1
 Poisonous Vapours        Pois/Air       16%        N/A       12%         2
 Wereblood                Tmut           7%         N/A       16%         2
 Spider Form              Tmut/Pois      11%        N/A       19%         3
 Mephitic Cloud           Conj/Pois/Air  6%         N/A       32%         3
 Olgreb's Toxic Radiance  Pois           15%        N/A       36%         4
 Vhi's Electric Charge    Tloc/Air       4%         N/A       45%         3
 Arcjolt                  Conj/Air       1%         1d11      99%         5
 Maxwell's Capacitive Co  Air            1%         ∞         100%        8


Dungeon Overview and Level Annotations

Branches:
Dungeon (2/15)

Altars:


Innate Abilities, Weirdness & Mutations

You are partially covered in thin metallic scales. (AC +2)


Message History

You hit the ice beast but do no damage.
The ice beast is heavily wounded.
The ice beast hits you. The ice beast freezes you!
Ouch! That really hurt!
You closely miss the ice beast.
The ice beast is severely wounded.
The ice beast misses you.
You hit the ice beast.
The ice beast is severely wounded.
The ice beast hits you but does no damage.
Casting: Sting (safe; 6% risk of failure)
Confirm with . or Enter, or press ? or * to list all spells.
Aiming: Sting (safe; 6% risk of failure)
Press: ? - help, Shift-Dir - straight line, f/p - ice beast
Aim: an ice beast (severely wounded, very poisoned, 71% to hit)
The sting hits the ice beast but does no damage.
The ice beast looks even sicker.
The ice beast is severely wounded.
The ice beast hits you but does no damage.
Casting: Sting (safe; 6% risk of failure)
Confirm with . or Enter, or press ? or * to list all spells.
Aiming: Sting (safe; 6% risk of failure)
Press: ? - help, Shift-Dir - straight line, f/p - ice beast
Aim: an ice beast (severely wounded, very poisoned, 71% to hit)
You miscast Sting.
You are very lightly contaminated with residual magic.
Nothing appears to happen.
The ice beast closely misses you.
You hit the ice beast but do no damage.
The ice beast is severely wounded.
The ice beast closely misses you.
You hit the ice beast but do no damage.
The ice beast looks as sick as possible!
The ice beast is severely wounded.
The ice beast misses you.
You hit the ice beast but do no damage.
The ice beast is severely wounded.
The ice beast hits you.
* * * LOW HITPOINT WARNING * * *
The ice beast freezes you!
You die...

. ## ..####.
#......## #.......##
#..$.....###
...........#########
......Y@...........#
...#^....##.......##
###...#####.....#
#######.......##
#.........#
#.###.....## ###
#.....(## ##......##
##......#


You could see an ice beast (extremely poisoned).

Vanquished Creatures
  An orc priest (D:4)
  An orc wizard (D:4)
  3 orcs (D:4)
  A ball python (D:1)
  2 bats (D:1)
  An endoplasm (D:1)
  A giant cockroach (D:1)
  4 hobgoblins (D:1)
  3 kobolds (D:1)
  A quokka (D:1)
  A goblin (D:1)
19 creatures vanquished.

Notes
Turn   | Place    | Note
-------+----------+-------------------------------------------
     0 | D:1      | gelatine the Demonspawn Venom Mage began the quest for the
                  | Orb.
     0 | D:1      | Reached XP level 1. HP: 13/13 MP: 3/3
   307 | D:1      | Gained mutation: You are partially covered in thin metallic
                  | scales. (AC +2) [demonic ancestry]
   307 | D:1      | Reached XP level 2. HP: 13/19 MP: 0/5
   791 | D:1      | Reached skill level 1 in Transmutations
  1094 | D:2      | You fall into a shaft and drop 2 floors!
  1122 | D:4      | Reached XP level 3. HP: 22/25 MP: 2/6
  1130 | D:4      | Reached skill level 1 in Fighting
  1242 | D:4      | Noticed an ice beast
  1263 | D:4      | Slain by an ice beast

Illustrated notes

Levels and vault maps discovered:
D:1:      spicycebolla_arrival_ecumenical, layout_basic
D:2:      layout_basic, uniq_natasha
D:4:      layout_layer_cave, gup_sewer_entry_spiral, serial_shops, shop

Skill      XL: |  1  2  3 |
---------------+----------+-----
Dodging        | 2 |  2.2
Transmutations | 1 |  1.4
Fighting       | 1 |  1.1
Stealth        | |  1.9
Unarmed Combat | |  0.1
Spellcasting   | |  2.3
Poison Magic   | |  3.7

Action                     || total
---------------------------++-------
  Melee: Unarmed           ||     8
         Short sword       ||     5
         Dagger            ||    32
   Cast: Sting             ||    35
 Armour: Robe              ||    15
  Dodge: Dodged            ||    28
  Block: Other             ||     4

Table legend: (Time is in decaauts)
 A = Elapsed time spent in this place.
 B = Non-inter-level travel time spent in this place.
 C = Inter-level travel time spent in this place.
 D = Time resting spent in this place.
 E = Time spent auto-exploring this place.
 F = Levels seen in this place.
 G = Mean time per level.
                   A        B        C        D        E       F      G
               +--------+--------+--------+--------+--------+-----+--------+
         Total |   1261 |   1223 |     38 |      0 |    991 |   3 |  420.3 |
       Dungeon |   1261 |   1223 |     38 |      0 |    991 |   3 |  420.3 |
               +--------+--------+--------+--------+--------+-----+--------+

Top non-repeatable levels by time:
     D:1: 1093 daAuts
     D:4: 168 daAuts
